Connexion

CAROLINA Hurricanes vs COLUMBUS Blue Jackets

Created - 14 février 2024 at 05:46

Goals
1 2 3 T
CAROLINA Hurricanes 0 1 0 1
COLUMBUS Blue Jackets 2 1 0 3
Shots
1 2 3 T
CAROLINA Hurricanes 16 7 13 36
COLUMBUS Blue Jackets 9 15 4 28

GoalsPenalties
1st period
1. COLUMBUS Blue Jackets , John Marino 16 (Jack Roslovic 49, Pierre-luc Dubois 48) at 10:50 (PP)
2. COLUMBUS Blue Jackets , Jack Roslovic 38 (John Marino 45, Carson Soucy 24) at 17:10
Tyler Motte (CAR) for Interference (Minor) at 10:35
2nd period
3. CAROLINA Hurricanes , Esa Lindell 8 (Owen Power 44, James van Riemsdyk 27) at 11:21 (PP)
4. COLUMBUS Blue Jackets , Jack Roslovic 39 (Pierre-luc Dubois 49, Tyler Johnson 40) at 14:25
Ryan Ellis (CAR) for Interference (Minor) at 0:31
William Lagesson (CLB) for Holding (Minor) at 4:14
Blake Wheeler (CAR) for Slashing (Minor) at 6:30
Wayne Simmonds (CAR) for Roughing (Minor) at 7:24
Colin Blackwell (CLB) for Roughing (Minor) at 10:09
3rd period
No Goal
Bo Horvat (CLB) for Boarding (Minor) at 0:23
Artturi Lehkonen (CLB) for Holding (Minor) at 17:23
Goalie Stats
Ilya Samsonov (CAR), 25 saves from 28 shots - (0,893), L, 30-23-0, 60:00 minutes
Vitek Vanecek (CLB), 35 saves from 36 shots - (0,972), W, 34-17-6, 60:00 minutes
3 StarsOfficial
1 - Jack Roslovic (CLB)
2 - Vitek Vanecek (CLB)
3 - Pierre-luc Dubois (CLB)
Referees : Marc Joannette and Francois StLaurent
Linesman : Brian Murphy and Pierre Champoux
Game Note
No Game Note
Finance
Level 1 -- Attendance: 5816 (96,93%) -- Ticket Income $756,080
Level 2 -- Attendance: 4990 (97,01%) -- Ticket Income $424,150
Level 3 -- Attendance: 1882 (94,10%) -- Ticket Income $103,510
Level 4 -- Attendance: 4000 (100,00%) -- Ticket Income $140,000
Luxury Box -- Attendance: 1000 (100,00%) -- Ticket Income $235,000
Game was played at the Nationwide Arena.
Total Attendance: 17688 (97,49%)
Total Ticket Income: $1,658,740
Other Income: $331,748
Total Income: $1,990,488



Team Name Goals Shots Shots Attemp Shots Blocked PIM HIT PP PK FO%
CAROLINA Hurricanes 1365678121 / 4 (25%)142%
COLUMBUS Blue Jackets 3286058141 / 4 (25%)158%

CAROLINA Hurricanes
Player Name POS G A P +/- PIM HIT SHT SB MP PP MP PP SHT PK MP PK SHT FO% FOT
Alexandre TexierC/LW000000002:550:0000:0000% 0
Blake WheelerLW/RW0000211014:420:0000:1400% 0
Brandon SutterC/RW000-1005018:123:3120:000100% 1
Brett PesceD000-1013025:033:3812:4500% 0
Cam YorkD0000000215:010:0000:5400% 0
Colton SissonsC/LW/RW0000042014:290:0000:00038% 16
Connor DewarC000000000:000:0000:0000% 0
Curtis LazarC/LW/RW000000002:550:0000:00025% 4
Esa LindellD101-1012120:503:3122:2200% 0
Jack HughesC000-1006025:403:3803:28038% 32
James van RiemsdykLW/RW011-1002019:143:3111:02067% 3
KAndre MillerD0000020014:070:0000:0000% 0
Marcus JohanssonC/LW/RW000-1003022:283:3803:11067% 3
Owen PowerD011-1000320:503:3102:2200% 0
Pontus AbergLW/RW0000004014:290:0000:000100% 1
Ryan EllisD000-1204024:083:3811:5100% 0
Tyler MotteC/LW/RW000-1211018:373:3100:26038% 21
Wayne SimmondsLW/RW000-1223120:043:3820:47067% 3
COLUMBUS Blue Jackets
Player Name POS G A P +/- PIM HIT SHT SB MP PP MP PP SHT PK MP PK SHT FO% FOT
Artturi LehkonenLW/RW0000212011:550:0001:2610% 0
Bo HorvatC0000202016:292:0100:00065% 26
Carson SoucyD0111001023:392:0613:1300% 0
Colin BlackwellC/LW/RW0000200011:230:0000:54029% 7
Jack RoslovicC/RW2132003020:303:0610:0000% 0
John MarinoD1121004025:173:0133:5610% 0
Jordan GrossD0001032021:202:0603:5600% 0
Justin DanforthRW000000105:210:0000:0000% 0
Mathias NorlinderD0000000114:060:0000:0000% 0
Nick PaulLW0000000010:340:0005:13040% 10
Nino NiederreiterLW/RW0000000010:300:0000:0000% 0
Pierre-luc DuboisC/LW0222034122:103:0601:40068% 31
Rudolfs BalcersLW/RW000001105:210:0000:0000% 0
Sven BaertschiLW0000012016:302:0110:0000% 1
Tyler JohnsonC/LW/RW0112003020:303:0600:000100% 1
Will BorgenD0000010215:120:0001:0600% 0
William LagessonD0001211120:253:0112:0700% 0
Yan GourdeC/LW/RW0000032021:352:0115:05050% 8



Play-by-Play

1st period


0:01 of 1st period - Pierre-luc Dubois wins face-off versus Jack Hughes in neutral zone.
0:37 of 1st period - Shot by Pierre-luc Dubois.
0:37 of 1st period - Stopped by Ilya Samsonov without a rebound.
0:38 of 1st period - Bo Horvat wins face-off versus Tyler Motte in CAROLINA Hurricanes zone.
0:53 of 1st period - Shot by Yan Gourde.
0:53 of 1st period - Shot Misses the Net.
1:37 of 1st period - Esa Lindell is hit by Yan Gourde and loses puck.
2:07 of 1st period - Shot by Pontus Aberg.
2:07 of 1st period - Deflect By Colton Sissons.
2:07 of 1st period - Stopped by Vitek Vanecek without a rebound.
2:08 of 1st period - Pierre-luc Dubois wins face-off versus Jack Hughes in COLUMBUS Blue Jackets zone.
2:23 of 1st period - Shot by Jack Hughes.
2:23 of 1st period - Stopped by Vitek Vanecek with a rebound.
2:25 of 1st period - Shot by Brett Pesce.
2:25 of 1st period - Shot Misses the Net.
2:47 of 1st period - Shot by Marcus Johansson.
2:47 of 1st period - Shot Blocked by Pierre-luc Dubois.
2:49 of 1st period - Shot by Brett Pesce.
2:49 of 1st period - Stopped by Vitek Vanecek without a rebound.
2:50 of 1st period - Nick Paul wins face-off versus Colton Sissons in COLUMBUS Blue Jackets zone.
2:50 of 1st period - Nick Paul is hit by Colton Sissons.
4:09 of 1st period - Icing by Colin Blackwell.
4:10 of 1st period - Tyler Motte wins face-off versus Colin Blackwell in COLUMBUS Blue Jackets zone.
4:10 of 1st period - Tyler Motte is hit by Jordan Gross.
4:30 of 1st period - Shot by Artturi Lehkonen.
4:30 of 1st period - Shot Misses the Net.
4:32 of 1st period - Shot by Nino Niederreiter.
4:32 of 1st period - Shot Misses the Net.
5:15 of 1st period - Icing by John Marino.
5:16 of 1st period - Colton Sissons wins face-off versus Pierre-luc Dubois in COLUMBUS Blue Jackets zone.
5:19 of 1st period - Shot by Colton Sissons.
5:19 of 1st period - Stopped by Vitek Vanecek without a rebound.
5:20 of 1st period - Bo Horvat wins face-off versus Jack Hughes in COLUMBUS Blue Jackets zone.
5:20 of 1st period - Bo Horvat is hit by Wayne Simmonds.
5:41 of 1st period - Shot by Jack Hughes.
5:41 of 1st period - Shot Blocked by Will Borgen.
5:43 of 1st period - Shot by Marcus Johansson.
5:43 of 1st period - Stopped by Vitek Vanecek without a rebound.
5:44 of 1st period - Colton Sissons wins face-off versus Nick Paul in COLUMBUS Blue Jackets zone.
5:56 of 1st period - Icing by John Marino.
5:57 of 1st period - Jack Hughes wins face-off versus Nick Paul in COLUMBUS Blue Jackets zone.
5:58 of 1st period - Shot by Marcus Johansson.
5:58 of 1st period - Stopped by Vitek Vanecek with a rebound.
6:28 of 1st period - Shot by Rudolfs Balcers.
6:28 of 1st period - Stopped by Ilya Samsonov without a rebound.
6:29 of 1st period - Pierre-luc Dubois wins face-off versus Colton Sissons in CAROLINA Hurricanes zone.
7:02 of 1st period - Shot by Pierre-luc Dubois.
7:02 of 1st period - Shot Misses the Net.
7:04 of 1st period - Shot by Tyler Johnson.
7:04 of 1st period - Stopped by Ilya Samsonov without a rebound.
7:05 of 1st period - Bo Horvat wins face-off versus Marcus Johansson in CAROLINA Hurricanes zone.
8:21 of 1st period - Shot by James van Riemsdyk.
8:21 of 1st period - Stopped by Vitek Vanecek without a rebound.
8:22 of 1st period - Colin Blackwell wins face-off versus Colton Sissons in COLUMBUS Blue Jackets zone.
8:24 of 1st period - Jordan Gross is hit by Blake Wheeler.
9:13 of 1st period - Nino Niederreiter is hit by KAndre Miller and loses puck.
9:26 of 1st period - Shot by Jack Roslovic.
9:26 of 1st period - Shot Blocked by Cam York.
9:28 of 1st period - Shot by Pierre-luc Dubois.
9:28 of 1st period - Stopped by Ilya Samsonov with a rebound.
9:30 of 1st period - Shot by Tyler Johnson.
9:30 of 1st period - Stopped by Ilya Samsonov with a rebound.
9:32 of 1st period - Shot by Mathias Norlinder.
9:32 of 1st period - Shot Misses the Net.
9:34 of 1st period - Shot by Will Borgen.
9:34 of 1st period - Shot Blocked by Cam York.
9:39 of 1st period - Tyler Johnson is hit by KAndre Miller.
9:44 of 1st period - Cam York is hit by Will Borgen and loses puck.
9:54 of 1st period - Off-side.
9:55 of 1st period - Bo Horvat wins face-off versus Jack Hughes in neutral zone.
9:59 of 1st period - Sven Baertschi is hit by Brett Pesce and loses puck.
10:14 of 1st period - Shot by Jack Hughes.
10:14 of 1st period - Stopped by Vitek Vanecek without a rebound.
10:15 of 1st period - Tyler Motte wins face-off versus Nick Paul in COLUMBUS Blue Jackets zone.
10:35 of 1st period - Minor Penalty to Tyler Motte for Interference.
10:36 of 1st period - Jack Hughes wins face-off versus Pierre-luc Dubois in CAROLINA Hurricanes zone.
10:50 of 1st period - Shot by John Marino.
10:50 of 1st period - Goal by John Marino - CAROLINA Hurricanes : 0 - COLUMBUS Blue Jackets : 1.
10:51 of 1st period - James van Riemsdyk wins face-off versus Bo Horvat in neutral zone.
12:00 of 1st period - Shot by Marcus Johansson.
12:00 of 1st period - Shot Misses the Net.
12:16 of 1st period - Shot by Pierre-luc Dubois.
12:16 of 1st period - Stopped by Ilya Samsonov without a rebound.
12:17 of 1st period - Colton Sissons wins face-off versus Colin Blackwell in CAROLINA Hurricanes zone.
12:17 of 1st period - Cam York is hit by Artturi Lehkonen and loses puck.
13:31 of 1st period - Shot by Jack Hughes.
13:31 of 1st period - Stopped by Vitek Vanecek without a rebound.
13:32 of 1st period - Pierre-luc Dubois wins face-off versus Tyler Motte in COLUMBUS Blue Jackets zone.
13:32 of 1st period - Pierre-luc Dubois is hit by Tyler Motte.
14:08 of 1st period - Shot by Tyler Motte.
14:08 of 1st period - Shot Misses the Net.
14:48 of 1st period - Esa Lindell is hit by Yan Gourde and loses puck.
15:00 of 1st period - Icing by Will Borgen.
15:01 of 1st period - Colton Sissons wins face-off versus Bo Horvat in COLUMBUS Blue Jackets zone.
15:05 of 1st period - Icing by Mathias Norlinder.
15:06 of 1st period - Bo Horvat wins face-off versus Colton Sissons in COLUMBUS Blue Jackets zone.
15:37 of 1st period - Shot by Pontus Aberg.
15:37 of 1st period - Stopped by Vitek Vanecek with a rebound.
15:43 of 1st period - Shot by Pontus Aberg.
15:43 of 1st period - Shot Blocked by Mathias Norlinder.
17:00 of 1st period - Shot by John Marino.
17:00 of 1st period - Deflect By Jack Roslovic.
17:00 of 1st period - Shot Misses the Net.
17:02 of 1st period - Shot by Pierre-luc Dubois.
17:02 of 1st period - Shot Misses the Net.
17:10 of 1st period - Shot by Jack Roslovic.
17:10 of 1st period - Goal by Jack Roslovic - CAROLINA Hurricanes : 0 - COLUMBUS Blue Jackets : 2.
17:11 of 1st period - Brandon Sutter wins face-off versus Nick Paul in neutral zone.
17:16 of 1st period - Shot by Brandon Sutter.
17:16 of 1st period - Stopped by Vitek Vanecek without a rebound.
17:17 of 1st period - Pierre-luc Dubois wins face-off versus Tyler Motte in COLUMBUS Blue Jackets zone.
17:34 of 1st period - Shot by Brandon Sutter.
17:34 of 1st period - Stopped by Vitek Vanecek without a rebound.
17:35 of 1st period - Curtis Lazar wins face-off versus Sven Baertschi in COLUMBUS Blue Jackets zone.
17:50 of 1st period - Shot by Ryan Ellis.
17:50 of 1st period - Stopped by Vitek Vanecek without a rebound.
17:51 of 1st period - Pierre-luc Dubois wins face-off versus Tyler Motte in COLUMBUS Blue Jackets zone.
18:00 of 1st period - Shot by Tyler Johnson.
18:00 of 1st period - Shot Misses the Net.
18:12 of 1st period - Shot by Brandon Sutter.
18:12 of 1st period - Stopped by Vitek Vanecek with a rebound.
18:16 of 1st period - Shot by Tyler Motte.
18:16 of 1st period - Stopped by Vitek Vanecek without a rebound.
18:17 of 1st period - Jack Hughes wins face-off versus Bo Horvat in COLUMBUS Blue Jackets zone.
18:34 of 1st period - Shot by Jack Hughes.
18:34 of 1st period - Shot Misses the Net.
18:44 of 1st period - Shot by Jordan Gross.
18:44 of 1st period - Stopped by Ilya Samsonov with a rebound.
18:46 of 1st period - Shot by Sven Baertschi.
18:46 of 1st period - Shot Misses the Net.
18:53 of 1st period - Jack Hughes is hit by Yan Gourde and loses puck.
19:03 of 1st period - Icing by Brett Pesce.
19:04 of 1st period - Jack Hughes wins face-off versus Pierre-luc Dubois in CAROLINA Hurricanes zone.
19:09 of 1st period - Shot by Ryan Ellis.
19:09 of 1st period - Stopped by Vitek Vanecek without a rebound.
19:10 of 1st period - Pierre-luc Dubois wins face-off versus Tyler Motte in COLUMBUS Blue Jackets zone.
19:22 of 1st period - Icing by Owen Power.
19:23 of 1st period - Nick Paul wins face-off versus Tyler Motte in CAROLINA Hurricanes zone.
19:26 of 1st period - Shot by Justin Danforth.
19:26 of 1st period - Shot Blocked by Esa Lindell.
19:40 of 1st period - Shot by Rudolfs Balcers.
19:40 of 1st period - Shot Misses the Net.
19:46 of 1st period - Shot by Nick Paul.
19:46 of 1st period - Shot Blocked by Owen Power.
19:56 of 1st period - Shot by Justin Danforth.
19:56 of 1st period - Shot Misses the Net.
Goals for this period are 0 for CAROLINA Hurricanes vs 2 for COLUMBUS Blue Jackets .
Shots for this period are 16 for CAROLINA Hurricanes vs 9 for COLUMBUS Blue Jackets .

2nd period


0:01 of 2nd period - Jack Hughes wins face-off versus Pierre-luc Dubois in neutral zone.
0:01 of 2nd period - Jack Hughes is hit by Pierre-luc Dubois.
0:31 of 2nd period - Minor Penalty to Ryan Ellis for Interference.
0:32 of 2nd period - Bo Horvat wins face-off versus Jack Hughes in CAROLINA Hurricanes zone.
0:41 of 2nd period - Shot by Yan Gourde.
0:41 of 2nd period - Deflect By Bo Horvat.
0:41 of 2nd period - Shot Misses the Net.
0:43 of 2nd period - Shot by William Lagesson.
0:43 of 2nd period - Stopped by Ilya Samsonov without a rebound.
0:44 of 2nd period - Bo Horvat wins face-off versus Jack Hughes in CAROLINA Hurricanes zone.
1:10 of 2nd period - Shot by Bo Horvat.
1:10 of 2nd period - Shot Misses the Net.
1:12 of 2nd period - Shot by Yan Gourde.
1:12 of 2nd period - Stopped by Ilya Samsonov without a rebound.
1:13 of 2nd period - Wayne Simmonds wins face-off versus Pierre-luc Dubois in CAROLINA Hurricanes zone.
1:36 of 2nd period - Icing by William Lagesson.
1:37 of 2nd period - Tyler Johnson wins face-off versus Jack Hughes in COLUMBUS Blue Jackets zone.
1:51 of 2nd period - Cam York is hit by Pierre-luc Dubois.
2:50 of 2nd period - Icing by Artturi Lehkonen.
2:51 of 2nd period - Tyler Motte wins face-off versus Colin Blackwell in COLUMBUS Blue Jackets zone.
3:07 of 2nd period - Off-side.
3:08 of 2nd period - Bo Horvat wins face-off versus Colton Sissons in neutral zone.
3:25 of 2nd period - Shot by Bo Horvat.
3:25 of 2nd period - Shot Misses the Net.
3:27 of 2nd period - Shot by Bo Horvat.
3:27 of 2nd period - Deflect By Sven Baertschi.
3:27 of 2nd period - Shot Misses the Net.
3:31 of 2nd period - Shot by Sven Baertschi.
3:31 of 2nd period - Shot Misses the Net.
3:33 of 2nd period - Shot by Bo Horvat.
3:33 of 2nd period - Stopped by Ilya Samsonov without a rebound.
3:34 of 2nd period - Jack Hughes wins face-off versus Pierre-luc Dubois in CAROLINA Hurricanes zone.
3:44 of 2nd period - Jack Hughes is hit by Pierre-luc Dubois and loses puck.
3:48 of 2nd period - Brett Pesce is hit by Jordan Gross and loses puck.
3:53 of 2nd period - Shot by Wayne Simmonds.
3:53 of 2nd period - Stopped by Vitek Vanecek with a rebound.
3:55 of 2nd period - Shot by Wayne Simmonds.
3:55 of 2nd period - Shot Hit the Post.
4:14 of 2nd period - Minor Penalty to William Lagesson for Holding.
4:15 of 2nd period - James van Riemsdyk wins face-off versus Yan Gourde in COLUMBUS Blue Jackets zone.
4:28 of 2nd period - Shot by Brandon Sutter.
4:28 of 2nd period - Stopped by Vitek Vanecek without a rebound.
4:29 of 2nd period - Yan Gourde wins face-off versus Tyler Motte in COLUMBUS Blue Jackets zone.
4:44 of 2nd period - Shot by Tyler Motte.
4:44 of 2nd period - Shot Misses the Net.
4:46 of 2nd period - Shot by Esa Lindell.
4:46 of 2nd period - Shot Misses the Net.
4:48 of 2nd period - Shot by Esa Lindell.
4:48 of 2nd period - Shot Misses the Net.
5:18 of 2nd period - Shot by John Marino.
5:18 of 2nd period - Stopped by Ilya Samsonov with a rebound.
5:42 of 2nd period - Icing by Ryan Ellis.
5:43 of 2nd period - Pierre-luc Dubois wins face-off versus Jack Hughes in CAROLINA Hurricanes zone.
5:50 of 2nd period - Shot by Artturi Lehkonen.
5:50 of 2nd period - Stopped by Ilya Samsonov without a rebound.
5:51 of 2nd period - Pierre-luc Dubois wins face-off versus Tyler Motte in CAROLINA Hurricanes zone.
6:30 of 2nd period - Minor Penalty to Blake Wheeler for Slashing.
6:31 of 2nd period - Pierre-luc Dubois wins face-off versus Jack Hughes in CAROLINA Hurricanes zone.
6:58 of 2nd period - Shot by John Marino.
6:58 of 2nd period - Stopped by Ilya Samsonov with a rebound.
7:23 of 2nd period - Icing by John Marino.
7:24 of 2nd period - Pierre-luc Dubois wins face-off versus Wayne Simmonds in COLUMBUS Blue Jackets zone.
7:24 of 2nd period - Minor Penalty to Wayne Simmonds for Roughing.
7:25 of 2nd period - Bo Horvat wins face-off versus Jack Hughes in CAROLINA Hurricanes zone.
7:26 of 2nd period - Shot by Sven Baertschi.
7:26 of 2nd period - Shot Misses the Net.
8:30 of 2nd period - Shot by Jack Roslovic.
8:30 of 2nd period - Shot Blocked by Owen Power.
8:40 of 2nd period - Shot by Jack Roslovic.
8:40 of 2nd period - Stopped by Ilya Samsonov without a rebound.
8:41 of 2nd period - Pierre-luc Dubois wins face-off versus Jack Hughes in CAROLINA Hurricanes zone.
9:10 of 2nd period - Shot by Carson Soucy.
9:10 of 2nd period - Stopped by Ilya Samsonov without a rebound.
9:11 of 2nd period - Bo Horvat wins face-off versus Jack Hughes in CAROLINA Hurricanes zone.
9:12 of 2nd period - Shot by John Marino.
9:12 of 2nd period - Deflect By Sven Baertschi.
9:12 of 2nd period - Stopped by Ilya Samsonov without a rebound.
9:13 of 2nd period - Jack Hughes wins face-off versus Bo Horvat in CAROLINA Hurricanes zone.
9:22 of 2nd period - Shot by John Marino.
9:22 of 2nd period - Stopped by Ilya Samsonov with a rebound.
9:24 of 2nd period - Shot by John Marino.
9:24 of 2nd period - Shot Misses the Net.
9:31 of 2nd period - Colin Blackwell is hit by Esa Lindell and loses puck.
10:09 of 2nd period - Minor Penalty to Colin Blackwell for Roughing.
10:10 of 2nd period - Jack Hughes wins face-off versus Yan Gourde in COLUMBUS Blue Jackets zone.
10:29 of 2nd period - Shot by Marcus Johansson.
10:29 of 2nd period - Deflect By Wayne Simmonds.
10:29 of 2nd period - Stopped by Vitek Vanecek without a rebound.
10:30 of 2nd period - Yan Gourde wins face-off versus Jack Hughes in COLUMBUS Blue Jackets zone.
10:30 of 2nd period - Yan Gourde is hit by Wayne Simmonds.
10:54 of 2nd period - Shot by Brett Pesce.
10:54 of 2nd period - Shot Misses the Net.
11:19 of 2nd period - Shot by Owen Power.
11:19 of 2nd period - Shot Misses the Net.
11:21 of 2nd period - Shot by Esa Lindell.
11:21 of 2nd period - Goal by Esa Lindell - CAROLINA Hurricanes : 1 - COLUMBUS Blue Jackets : 2.
11:22 of 2nd period - Pierre-luc Dubois wins face-off versus Colton Sissons in neutral zone.
11:35 of 2nd period - Shot by Blake Wheeler.
11:35 of 2nd period - Stopped by Vitek Vanecek without a rebound.
11:36 of 2nd period - Tyler Motte wins face-off versus Colin Blackwell in COLUMBUS Blue Jackets zone.
12:45 of 2nd period - Icing by Jordan Gross.
12:46 of 2nd period - Colton Sissons wins face-off versus Pierre-luc Dubois in COLUMBUS Blue Jackets zone.
12:46 of 2nd period - Colton Sissons is hit by Jordan Gross.
13:02 of 2nd period - Shot by Pierre-luc Dubois.
13:02 of 2nd period - Stopped by Ilya Samsonov without a rebound.
13:03 of 2nd period - Bo Horvat wins face-off versus Jack Hughes in CAROLINA Hurricanes zone.
13:42 of 2nd period - Shot by Sven Baertschi.
13:42 of 2nd period - Stopped by Ilya Samsonov without a rebound.
13:43 of 2nd period - Pierre-luc Dubois wins face-off versus Tyler Motte in CAROLINA Hurricanes zone.
14:25 of 2nd period - Shot by Jack Roslovic.
14:25 of 2nd period - Goal by Jack Roslovic - CAROLINA Hurricanes : 1 - COLUMBUS Blue Jackets : 3.
14:26 of 2nd period - Nick Paul wins face-off versus Curtis Lazar in neutral zone.
14:47 of 2nd period - Shot by Jack Hughes.
14:47 of 2nd period - Stopped by Vitek Vanecek without a rebound.
14:48 of 2nd period - Bo Horvat wins face-off versus Colton Sissons in COLUMBUS Blue Jackets zone.
14:48 of 2nd period - Bo Horvat is hit by Colton Sissons.
14:59 of 2nd period - Shot by Yan Gourde.
14:59 of 2nd period - Shot Misses the Net.
15:06 of 2nd period - Cam York is hit by Sven Baertschi and loses puck.
15:29 of 2nd period - Shot by Blake Wheeler.
15:29 of 2nd period - Deflect By Pontus Aberg.
15:29 of 2nd period - Stopped by Vitek Vanecek without a rebound.
15:30 of 2nd period - Jack Hughes wins face-off versus Pierre-luc Dubois in COLUMBUS Blue Jackets zone.
16:47 of 2nd period - Shot by Brandon Sutter.
16:47 of 2nd period - Shot Misses the Net.
17:02 of 2nd period - Icing by Owen Power.
17:03 of 2nd period - Tyler Motte wins face-off versus Bo Horvat in CAROLINA Hurricanes zone.
17:32 of 2nd period - Shot by Bo Horvat.
17:32 of 2nd period - Stopped by Ilya Samsonov without a rebound.
17:33 of 2nd period - Marcus Johansson wins face-off versus Nick Paul in CAROLINA Hurricanes zone.
17:46 of 2nd period - Wayne Simmonds is hit by Rudolfs Balcers and loses puck.
17:57 of 2nd period - Shot by Justin Danforth.
17:57 of 2nd period - Stopped by Ilya Samsonov without a rebound.
17:58 of 2nd period - Colton Sissons wins face-off versus Bo Horvat in CAROLINA Hurricanes zone.
18:56 of 2nd period - Jack Hughes is hit by William Lagesson and loses puck.
19:59 of 2nd period - Shot by Jack Roslovic.
19:59 of 2nd period - Shot Misses the Net.
Goals for this period are 1 for CAROLINA Hurricanes vs 1 for COLUMBUS Blue Jackets .
Shots for this period are 7 for CAROLINA Hurricanes vs 15 for COLUMBUS Blue Jackets .

3rd period


0:01 of 3rd period - Pierre-luc Dubois wins face-off versus Jack Hughes in neutral zone.
0:08 of 3rd period - Shot by Pierre-luc Dubois.
0:08 of 3rd period - Shot Misses the Net.
0:20 of 3rd period - Shot by Jack Hughes.
0:20 of 3rd period - Stopped by Vitek Vanecek without a rebound.
0:21 of 3rd period - Bo Horvat wins face-off versus Tyler Motte in COLUMBUS Blue Jackets zone.
0:23 of 3rd period - Minor Penalty to Bo Horvat for Boarding.
0:24 of 3rd period - Yan Gourde wins face-off versus Jack Hughes in COLUMBUS Blue Jackets zone.
0:57 of 3rd period - Shot by Jack Hughes.
0:57 of 3rd period - Shot Misses the Net.
2:41 of 3rd period - Shot by Pontus Aberg.
2:41 of 3rd period - Shot Blocked by Will Borgen.
3:40 of 3rd period - Icing by Cam York.
3:41 of 3rd period - Bo Horvat wins face-off versus Colton Sissons in CAROLINA Hurricanes zone.
4:49 of 3rd period - Off-side.
4:50 of 3rd period - Pierre-luc Dubois wins face-off versus Jack Hughes in neutral zone.
5:24 of 3rd period - Shot by Jack Hughes.
5:24 of 3rd period - Deflect By Marcus Johansson.
5:24 of 3rd period - Stopped by Vitek Vanecek with a rebound.
5:54 of 3rd period - Icing by Ryan Ellis.
5:55 of 3rd period - Nick Paul wins face-off versus Jack Hughes in CAROLINA Hurricanes zone.
6:54 of 3rd period - Shot by Colin Blackwell.
6:54 of 3rd period - Shot Misses the Net.
7:25 of 3rd period - Icing by Jack Hughes.
7:26 of 3rd period - Pierre-luc Dubois wins face-off versus Curtis Lazar in CAROLINA Hurricanes zone.
8:23 of 3rd period - Off-side.
8:24 of 3rd period - Bo Horvat wins face-off versus Colton Sissons in neutral zone.
8:27 of 3rd period - Shot by Jordan Gross.
8:27 of 3rd period - Stopped by Ilya Samsonov without a rebound.
8:28 of 3rd period - Pontus Aberg wins face-off versus Bo Horvat in CAROLINA Hurricanes zone.
8:53 of 3rd period - Shot by Yan Gourde.
8:53 of 3rd period - Shot Misses the Net.
9:01 of 3rd period - Shot by Yan Gourde.
9:01 of 3rd period - Stopped by Ilya Samsonov without a rebound.
9:02 of 3rd period - Colin Blackwell wins face-off versus Tyler Motte in CAROLINA Hurricanes zone.
9:08 of 3rd period - Icing by Cam York.
9:09 of 3rd period - Pierre-luc Dubois wins face-off versus James van Riemsdyk in CAROLINA Hurricanes zone.
10:34 of 3rd period - Shot by Sven Baertschi.
10:34 of 3rd period - Deflect By Yan Gourde.
10:34 of 3rd period - Shot Blocked by Wayne Simmonds.
11:40 of 3rd period - Shot by Mathias Norlinder.
11:40 of 3rd period - Shot Misses the Net.
11:42 of 3rd period - Shot by Will Borgen.
11:42 of 3rd period - Shot Misses the Net.
11:44 of 3rd period - Shot by Colin Blackwell.
11:44 of 3rd period - Shot Blocked by Owen Power.
11:46 of 3rd period - Shot by Artturi Lehkonen.
11:46 of 3rd period - Stopped by Ilya Samsonov without a rebound.
11:47 of 3rd period - Tyler Motte wins face-off versus Nick Paul in CAROLINA Hurricanes zone.
12:44 of 3rd period - Rudolfs Balcers is hit by Colton Sissons and loses puck.
12:49 of 3rd period - Nick Paul is hit by Colton Sissons and loses puck.
12:58 of 3rd period - Shot by Pontus Aberg.
12:58 of 3rd period - Stopped by Vitek Vanecek without a rebound.
12:59 of 3rd period - Pierre-luc Dubois wins face-off versus Curtis Lazar in COLUMBUS Blue Jackets zone.
13:10 of 3rd period - Shot by Tyler Johnson.
13:10 of 3rd period - Stopped by Ilya Samsonov without a rebound.
13:11 of 3rd period - Bo Horvat wins face-off versus Colton Sissons in CAROLINA Hurricanes zone.
13:34 of 3rd period - Shot by Pontus Aberg.
13:34 of 3rd period - Stopped by Vitek Vanecek without a rebound.
13:35 of 3rd period - Wayne Simmonds wins face-off versus Pierre-luc Dubois in COLUMBUS Blue Jackets zone.
13:46 of 3rd period - Shot by Jack Hughes.
13:46 of 3rd period - Stopped by Vitek Vanecek with a rebound.
13:48 of 3rd period - Shot by Marcus Johansson.
13:48 of 3rd period - Shot Blocked by William Lagesson.
13:50 of 3rd period - Shot by Brett Pesce.
13:50 of 3rd period - Stopped by Vitek Vanecek without a rebound.
13:51 of 3rd period - Tyler Motte wins face-off versus Bo Horvat in COLUMBUS Blue Jackets zone.
13:55 of 3rd period - Icing by Mathias Norlinder.
13:56 of 3rd period - Jack Hughes wins face-off versus Bo Horvat in COLUMBUS Blue Jackets zone.
14:14 of 3rd period - Icing by Yan Gourde.
14:15 of 3rd period - Bo Horvat wins face-off versus Tyler Motte in COLUMBUS Blue Jackets zone.
14:26 of 3rd period - Off-side.
14:27 of 3rd period - Jack Hughes wins face-off versus Pierre-luc Dubois in neutral zone.
14:58 of 3rd period - Shot by Ryan Ellis.
14:58 of 3rd period - Stopped by Vitek Vanecek with a rebound.
17:23 of 3rd period - Minor Penalty to Artturi Lehkonen for Holding.
17:24 of 3rd period - Jack Hughes wins face-off versus Yan Gourde in COLUMBUS Blue Jackets zone.
17:45 of 3rd period - Shot by Wayne Simmonds.
17:45 of 3rd period - Stopped by Vitek Vanecek with a rebound.
17:47 of 3rd period - Shot by Jack Hughes.
17:47 of 3rd period - Shot Misses the Net.
17:49 of 3rd period - Shot by Brett Pesce.
17:49 of 3rd period - Stopped by Vitek Vanecek without a rebound.
17:50 of 3rd period - Yan Gourde wins face-off versus Tyler Motte in COLUMBUS Blue Jackets zone.
18:09 of 3rd period - Shot by Brandon Sutter.
18:09 of 3rd period - Deflect By James van Riemsdyk.
18:09 of 3rd period - Stopped by Vitek Vanecek with a rebound.
18:11 of 3rd period - Shot by Esa Lindell.
18:11 of 3rd period - Stopped by Vitek Vanecek without a rebound.
18:12 of 3rd period - Pierre-luc Dubois wins face-off versus Jack Hughes in COLUMBUS Blue Jackets zone.
18:29 of 3rd period - Shot by Marcus Johansson.
18:29 of 3rd period - Shot Misses the Net.
18:31 of 3rd period - Shot by Ryan Ellis.
18:31 of 3rd period - Stopped by Vitek Vanecek without a rebound.
18:32 of 3rd period - Tyler Motte wins face-off versus Yan Gourde in COLUMBUS Blue Jackets zone.
19:14 of 3rd period - Shot by Owen Power.
19:14 of 3rd period - Shot Hit the Post.
19:16 of 3rd period - Shot by Brandon Sutter.
19:16 of 3rd period - Stopped by Vitek Vanecek without a rebound.
19:17 of 3rd period - Pierre-luc Dubois wins face-off versus Jack Hughes in COLUMBUS Blue Jackets zone.
19:37 of 3rd period - Off-side.
19:38 of 3rd period - Marcus Johansson wins face-off versus Colin Blackwell in neutral zone.
Goals for this period are 0 for CAROLINA Hurricanes vs 0 for COLUMBUS Blue Jackets .
Shots for this period are 13 for CAROLINA Hurricanes vs 4 for COLUMBUS Blue Jackets .